 Dungeon Sprint DCSS version 0.26-a0-665-gefeb406119 (webtiles) character file.

Game seed: 16689266523267515307

608 jesuscristo the Thrower (level 7, -3/85 HPs)
             Began as an Ogre Hunter on Oct 14, 2020.
             Was a Follower of Okawaru.
             Slain by Sonja
             ... wielding a +2 dagger of draining
              (5 damage)
             ... in the Dungeon (Sprint I: "Red Sonja").
             The game lasted 00:02:44 (587 turns).

jesuscristo the Thrower (Ogre Hunter)                Turns: 587, Time: 00:02:45

Health: -3/85      AC:  3    Str: 17    XL:     7   Next: 43%
Magic:  7/7        EV:  9    Int: 14    God:    Okawaru [*.....]
Gold:   408        SH:  0    Dex:  9    Spells: 6/6 levels left

rFire    . . .     SeeInvis .   i - +0 giant spiked club
rCold    . . .     Faith    .   (shield currently unavailable)
rNeg     . . .     Spirit   .   b - +0 robe
rPois    .         Reflect  .   (helmet restricted)
rElec    .         Harm     .   (no cloak)
rCorr    .         Rampage  .   (gloves unavailable)
MR       .....     NoTele   +   (boots unavailable)
Stlth    +.........             (no amulet)
HPRegen  0.24/turn              (no ring)
MPRegen  0.10/turn              (no ring)

@: lethally poisoned (-3 -> -26), slowed, very heavily drained, very slow
A: large, unfitting armour, tough skin 1
a: Heroism, Renounce Religion


You were in the Dungeon.
You worshipped Okawaru.
Okawaru was aware of your devotion.
You visited 1 branch You collected 408 gold pieces.

Inventory:

Hand Weapons
 i - a +0 giant spiked club (weapon)
Missiles
 d - a throwing net (quivered)
Armour
 b - a +0 robe (worn)
Scrolls
 j - a scroll of blinking
Potions
 a - a potion of degeneration {unknown}
 g - a potion of haste
 h - 2 potions of magic


   Skills:
 - Level 10.0(4.8) Fighting
 * Level 9.5(4.3) Maces & Flails
 - Level 10.0(4.8) Throwing
 - Level 1.7(0.0) Dodging
 - Level 0.6(0.0) Stealth


You had 6 spell levels left.
You didn't know any spells.
Your spell library was empty.

Dungeon Overview and Level Annotations

Branches:
Dungeon (1/1)

Altars:
Cheibriados
Dithmenos
Elyvilon
Fedhas
Gozag
Hepliaklqana
Kikubaaqudgha
Makhleb
Nemelex Xobeh
Okawaru
Qazlal
Ru
Sif Muna
Trog
Uskayaw
Vehumet
Wu Jian
Xom
Yredelemnul
Zin
The Shining One
Jiyva
Lugonu

Shops:
D :

Annotations:
D Sonja


Innate Abilities, Weirdness & Mutations

You are too large for most types of armour.
You have tough skin. (AC +1)


Message History

Aim: Sonja, wielding a +2 dagger of draining You throw a large rock.
The large rock barely misses Sonja.
* * * LOW HITPOINT WARNING * * *
You feel extremely sick.
Unknown command.
Press < or > to pray at altars.
Unknown command.
Press < or > to pray at altars.
Throwing (i - inventory. (/) - cycle)
c - a large rock (quivered)
Press: ? - help, Shift-Dir - straight line, f/p - Sonja
Aim: Sonja, wielding a +2 dagger of draining You throw a large rock.
The large rock closely misses Sonja.
* * * LOW HITPOINT WARNING * * *
You feel very sick.
Sonja hits you with a +2 dagger of draining!
* * * LOW HITPOINT WARNING * * *
You feel drained.
* * * LOW HITPOINT WARNING * * *
Sonja hits you with a +2 dagger of draining.
You die...

######################
#<.#..)..#..'..#__#..+
#.)'..#..').#..'..'..#
#..#####'#####'#__####
#..####..#...#[####
#..#__####..##.#
#..#_____##'#_.+
#⌠⌠#_.∩...K..._#
####_..__##@(#'#
#_____###(#.# #######
.### .$ .$# .## +#


You could see Sonja.

Vanquished Creatures
  A slime creature (D)
  Sigmund (D)
  A yak (D)
  An ogre (D)
  A jelly (D)
  Ijyb (D)
6 creatures vanquished.

Notes
Turn   | Place    | Note
-------+----------+-------------------------------------------
     0 | D        | jesuscristo the Ogre Hunter began the quest for the Orb.
     0 | D        | Reached XP level 1. HP: 22/22 MP: 1/1
     2 | D        | Noticed Ijyb
    35 | D        | Killed Ijyb
    35 | D        | Reached XP level 2. HP: 9/31 MP: 2/2
    35 | D        | Reached XP level 3. HP: 11/37 MP: 3/3
   248 | D        | Noticed an ogre
   255 | D        | Killed an ogre
   255 | D        | Reached XP level 4. HP: 49/49 MP: 4/4
   289 | D        | Noticed Sigmund
   291 | D        | Killed Sigmund
   291 | D        | Reached skill level 10 in Throwing
   291 | D        | Reached XP level 5. HP: 51/68 MP: 5/5
   291 | D        | Reached XP level 6. HP: 59/78 MP: 6/6
   381 | D        | Found a shimmering blue altar of Sif Muna.
   382 | D        | Found an ornate altar of the Wu Jian Council.
   383 | D        | Found a radiant altar of Vehumet.
   386 | D        | Reached skill level 10 in Fighting
   409 | D        | Found Akhlupt's Book Emporium.
   409 | D        | Found an ancient bone altar of Kikubaaqudgha.
   409 | D        | Found a hazy altar of Hepliaklqana.
   409 | D        | Found a stormy altar of Qazlal.
   409 | D        | Found a hide-covered altar of Uskayaw.
   409 | D        | Found a blossoming altar of Fedhas.
   409 | D        | Found a bloodstained altar of Trog.
   409 | D        | Found an iron altar of Okawaru.
   409 | D        | Found a basalt altar of Yredelemnul.
   409 | D        | Found a glowing golden altar of the Shining One.
   409 | D        | Found a snail-covered altar of Cheibriados.
   409 | D        | Found a sacrificial altar of Ru.
   409 | D        | Found a glowing silver altar of Zin.
   409 | D        | Found a shadowy altar of Dithmenos.
   409 | D        | Found a white marble altar of Elyvilon.
   409 | D        | Noticed a yak
   412 | D        | Killed a yak
   413 | D        | Found an opulent altar of Gozag.
   415 | D        | Found a sparkling altar of Nemelex Xobeh.
   420 | D        | Became a worshipper of Warmaster Okawaru
   472 | D        | Found a viscous altar of Jiyva.
   472 | D        | Found a corrupted altar of Lugonu.
   472 | D        | Noticed a slime creature
   473 | D        | Found a burning altar of Makhleb.
   473 | D        | Found a shimmering altar of Xom.
   478 | D        | Killed a slime creature
   478 | D        | Reached * piety under Okawaru
   478 | D        | Reached XP level 7. HP: 66/85 MP: 7/7
   580 | D        | Noticed Sonja
   587 | D        | HP: 3/85 [Sonja/+2 dagger of draining (7)]
   587 | D        | Slain by Sonja

Illustrated notes

Levels and vault maps discovered:
D:        dungeon_sprint_1 [red_sonja_temple_1, red_sonja_temple_small_1]

Skill      XL: |  1  2  3  4  5  6 |
---------------+-------------------+-----
Fighting       | 3 4 9 10 | 10.0
Throwing       | 6 9 10 | 10.0
Maces & Flails | 3 9 |  9.5
Dodging        | |  1.7
Stealth        | |  0.6

Action                   |  1- 3 |  4- 6 |  7- 9 || total
-------------------------+-------+-------+-------++-------
Melee: Short sword       |    32 |       |       ||    32
       Giant spiked club |       |     6 |       ||     6
Throw: Large rock        |     6 |     6 |     5 ||    17
       Throwing net      |     1 |       |       ||     1
  Use: Potion            |     1 |       |     2 ||     3
 Stab: Held in net/web   |     1 |       |       ||     1
Armor: Robe              |     5 |       |       ||     5
Dodge: Dodged            |    14 |     4 |     3 ||    21

Table legend: (Time is in decaauts)
 A = Elapsed time spent in this place.
 B = Non-inter-level travel time spent in this place.
 C = Inter-level travel time spent in this place.
 D = Time resting spent in this place.
 E = Time spent auto-exploring this place.
 F = Levels seen in this place.
 G = Mean time per level.
                   A        B        C        D        E       F      G
               +--------+--------+--------+--------+--------+-----+--------+
         Total |    618 |    618 |      0 |    410 |      0 |   1 |  618.0 |
       Dungeon |    618 |    618 |      0 |    410 |      0 |   1 |  618.0 |
               +--------+--------+--------+--------+--------+-----+--------+

Top non-repeatable levels by time:
       D: 618 daAuts
